[Event "ICC tourney 3161 (40 10)"]
[Site "Internet Chess Club"]
[Date "2023.04.01"]
[Round "1"]
[White "BRUDNO, STEPHEN:StevChess01"]
[Black "MISHRA, OM:Omk"]
[Result "0-1"]
[ICCResult "White resigns"]
[WhiteElo "1461"]
[BlackElo "1773"]
[Opening "QGD Slav: 3.Nf3"]
[ECO "D11"]
[NIC "SL.01"]
[Time "11:00:17"]
[PlyCount "24"]
[TimeControl "2400+10"]

1. d4 d5 2. c4 c6 3. Nf3 Nf6 4. Qc2 Bg4 5. Ne5 Bh5 6. Nd2 e6 7. Ndf3 Nbd7 8.
Nxd7 Qxd7 9. Ne5 Qd8 10. e3 Bd6 11. f4 Ne4 12. g3 Bb4+ {White resigns} 0-1

[Event "ICC tourney 3161 (40 10)"]
[Site "Internet Chess Club"]
[Date "2023.04.01"]
[Round "1"]
[White "Dillibabu, Jaithra:JaithraDilli"]
[Black "SULTAN, BASHIR Cisse:muzikmixer"]
[Result "0-1"]
[ICCResult "White resigns"]
[WhiteElo "1351"]
[BlackElo "1639"]
[Opening "Dutch defense"]
[ECO "A40"]
[NIC "QO.17"]
[Time "11:00:14"]
[PlyCount "106"]
[TimeControl "2400+10"]

1. d4 e6 2. c4 f5 3. Nf3 Nf6 4. Nc3 Bb4 5. e3 O-O 6. Bd2 b6 7. a3 Bxc3 8.
Bxc3 Bb7 9. Be2 Ne4 10. O-O d6 11. h3 Nd7 12. Rc1 Nxc3 13. Rxc3 Nf6 14. Bd3
Ne4 15. Bxe4 Bxe4 16. d5 Bxf3 17. Qxf3 e5 18. e4 fxe4 19. Qxe4 Rf4 20. Qe3
a5 21. g3 Qg5 22. Kh2 Rf5 23. Qxg5 Rxg5 24. Re1 Rf5 25. Kg2 Raf8 26. Re2 a4
27. Rce3 g5 28. Re4 h5 29. Rc2 Kg7 30. h4 gxh4 31. Rxh4 Kg6 32. Re4 Kg5 33.
Rce2 Rf3 34. R4e3 Rxe3 35. Rxe3 h4 36. gxh4+ Kxh4 37. Rh3+ Kg4 38. Rg3+ Kh5
39. Rh3+ Kg6 40. Rg3+ Kf7 41. Rf3+ Ke7 42. Rxf8 Kxf8 43. Kf3 Kf7 44. Ke4 Kg6
45. f3 Kg5 46. Ke3 Kf5 47. Kf2 Kf4 48. Ke2 Kg3 49. Ke3 Kg2 50. f4 exf4+ 51.
Kxf4 Kf2 52. Kf5 Ke3 53. Ke6 Kd4 {White resigns} 0-1

[Event "ICC tourney 3161 (40 10)"]
[Site "Internet Chess Club"]
[Date "2023.04.01"]
[Round "1"]
[White "RAMKUMAR, NIKHIL:nikhilramkumar"]
[Black "ZHANG, ARI:brass60Six"]
[Result "1-0"]
[ICCResult "Black checkmated"]
[WhiteElo "1632"]
[BlackElo "1343"]
[Opening "Queen's pawn game"]
[ECO "D00"]
[NIC "QP.08"]
[Time "11:00:19"]
[PlyCount "49"]
[TimeControl "2400+10"]

1. d4 d5 2. e3 e6 3. Bd3 Nf6 4. f4 c5 5. c3 Nc6 6. Nf3 h6 7. Nbd2 a6 8. O-O
Be7 9. Ne5 O-O 10. Rf3 Nxe5 11. fxe5 Ne8 12. Rg3 b5 13. Qh5 Kh8 14. e4 c4
15. Bc2 Bg5 16. exd5 exd5 17. Nf1 Bxc1 18. Rxc1 Qe7 19. Ne3 Be6 20. Rf1 Nc7
21. Rf6 g6 22. Qxh6+ Kg8 23. Bxg6 fxg6 24. Rgxg6+ Qg7 25. Rxg7#
{Black checkmated}
1-0

[Event "ICC tourney 3161 (40 10)"]
[Site "Internet Chess Club"]
[Date "2023.04.01"]
[Round "1"]
[White "HELMSEN, GAVIN:ghelmsen"]
[Black "JAIN, PIYUSH:Piyush786"]
[Result "0-1"]
[ICCResult "White checkmated"]
[WhiteElo "1558"]
[BlackElo "1805"]
[Opening "Scandinavian (center counter) defense"]
[ECO "B01"]
[NIC "VO.17"]
[Time "11:00:15"]
[PlyCount "60"]
[TimeControl "2400+10"]

1. e4 d5 2. exd5 e6 3. dxe6 Bxe6 4. Nf3 Bd6 5. d4 Nf6 6. c4 c5 7. d5 Bg4 8.
h3 Qe7+ 9. Be3 Bh5 10. g4 Bg6 11. Bd3 Nbd7 12. Nc3 O-O-O 13. Qd2 Ne4 14. Qc2
Nxc3 15. bxc3 Rhe8 16. Kd2 Kb8 17. Bg5 f6 18. Rhe1 Qf7 19. Be3 Nb6 20. Qb3
Re7 21. a4 Bxd3 22. Kxd3 Qg6+ 23. Kd2 Qe4 24. Nh4 Nxc4+ 25. Kc1 Qxd5 26. Rb1
Rxe3 27. Rd1 Rd3 28. Rxd3 Bf4+ 29. Kd1 Qxd3+ 30. Ke1 Re8# {White checkmated}
0-1

[Event "ICC tourney 3161 (40 10)"]
[Site "Internet Chess Club"]
[Date "2023.04.01"]
[Round "1"]
[White "DENG, MICHAEL:K03-16811908"]
[Black "Hamlett, James Morrison:Hamlett144"]
[Result "0-1"]
[ICCResult "White resigns"]
[WhiteElo "1767"]
[BlackElo "1414"]
[Opening "French: Tarrasch, closed variation"]
[ECO "C05"]
[NIC "FR.17"]
[Time "11:00:21"]
[PlyCount "80"]
[TimeControl "2400+10"]

1. e4 e6 2. d4 d5 3. Nd2 Nf6 4. e5 Nfd7 5. Bd3 c5 6. c3 Nc6 7. Ngf3 Qb6 8.
O-O cxd4 9. cxd4 Nxd4 10. Nxd4 Qxd4 11. Nf3 Qb6 12. Qa4 Be7 13. Qg4 g5 14.
Bxg5 Rg8 15. Qh5 Nxe5 16. Nxe5 Rxg5 17. Qxh7 Qxb2 18. Qxf7+ Kd8 19. Nf3 Rg7
20. Qh5 Bd7 21. Qh8+ Be8 22. Rab1 Rxg2+ 23. Kxg2 Qxh8 24. Rxb7 Bc6 25. Rb3
d4 26. Bb5 Bd5 27. Rd3 Bd6 28. Rh1 a6 29. Ba4 e5 30. Bb3 Be4 31. Rd2 Qg7+
32. Kf1 Bxf3 33. Rg1 Qf6 34. Rg8+ Bf8 35. Rd3 Rc8 36. Bd1 Rc1 37. Ke1 Bxd1
38. Rxd1 Rxd1+ 39. Kxd1 Qf3+ 40. Ke1 d3 {White resigns} 0-1

[Event "ICC tourney 3161 (40 10)"]
[Site "Internet Chess Club"]
[Date "2023.04.01"]
[Round "1"]
[White "GUTIERREZ, AUGUSTO E:elytito2017"]
[Black "BARANWAL, SUVAN:suvanba"]
[Result "1-0"]
[ICCResult "Black checkmated"]
[WhiteElo "1818"]
[BlackElo "1583"]
[Opening "Sicilian: Canal-Sokolsky attack, Sokolsky variation"]
[ECO "B52"]
[NIC "SI.01"]
[Time "11:00:13"]
[PlyCount "145"]
[TimeControl "2400+10"]

1. e4 c5 2. Nf3 d6 3. Bb5+ Bd7 4. Bxd7+ Qxd7 5. c4 Nf6 6. Nc3 g6 7. d4 cxd4
8. Nxd4 Bg7 9. b3 Nc6 10. Bb2 O-O 11. O-O Ng4 12. Nd5 Nxd4 13. Bxd4 Ne5 14.
f4 Nc6 15. Bxg7 Kxg7 16. Qd3 Qd8 17. Rad1 e6 18. Qc3+ f6 19. Ne3 Qc7 20. Rd2
Rad8 21. Rfd1 Rd7 22. g3 e5 23. Nd5 Qd8 24. Kg2 Nd4 25. Rf2 f5 26. exf5 Rxf5
27. Rdf1 Rdf7 28. g4 R5f6 29. Nxf6 Rxf6 30. fxe5 Rxf2+ 31. Rxf2 dxe5 32. Qe3
Qd6 33. Qe4 b6 34. g5 Qc6 35. Qxc6 Nxc6 36. Kf3 Kf7 37. Ke4+ Ke7 38. Kd5
Nb4+ 39. Ke4 Nc6 40. a3 Na5 41. Rf3 Ke6 42. h4 Nc6 43. Rf6+ Kd7 44. Kd5 Nd8
45. Kxe5 Ke7 46. Kd5 Nb7 47. b4 Nd8 48. a4 Nb7 49. Kc6 Nd8+ 50. Kc7 a5 51.
Rxb6 axb4 52. Rxb4 Ne6+ 53. Kc8 Kd6 54. Rb7 Nc5 55. Rxh7 Nxa4 56. Rg7 Nb6+
57. Kd8 Nxc4 58. Rxg6+ Ke5 59. Rf6 Ne3 60. Ke8 Ng4 61. Rf1 Ke6 62. h5 Ne5
63. Kf8 Nd7+ 64. Kg7 Ne5 65. h6 Nf7 66. Rxf7 Ke5 67. h7 Kd4 68. Re7 Kd5 69.
h8=Q Kd4 70. Qd8+ Kc5 71. Rc7+ Kb4 72. Qb8+ Ka4 73. Ra7# {Black checkmated}
1-0

[Event "ICC tourney 3161 (40 10)"]
[Site "Internet Chess Club"]
[Date "2023.04.01"]
[Round "1"]
[White "Mason, Mike W:MikeWMason"]
[Black "MEI, ZERUI TITUS:Thankfulfortune"]
[Result "1/2-1/2"]
[ICCResult "Game drawn by mutual agreement"]
[WhiteElo "1800"]
[BlackElo "1480"]
[Opening "Rousseau gambit"]
[ECO "C50"]
[NIC "IG.03"]
[Time "11:00:14"]
[PlyCount "67"]
[TimeControl "2400+10"]

1. e4 e5 2. Nf3 Nc6 3. Bc4 f5 4. d3 Nf6 5. Nc3 Bc5 6. a3 d6 7. Bg5 Bd7 8.
Nd5 a6 9. Nh4 h5 10. Ng6 Rh7 11. h4 Be6 12. Nxf6+ gxf6 13. Bxe6 fxg5 14.
Bxf5 Rh6 15. Qd2 Nd4 16. hxg5 Rh7 17. Nh4 Rg7 18. g6 Qf6 19. O-O-O b5 20.
Nf3 Nxf5 21. exf5 Qxf5 22. Qg5 Qxg5+ 23. Nxg5 Ke7 24. Ne4 Rf8 25. Rxh5 Rxg6
26. Nxc5 dxc5 27. Rxe5+ Kd6 28. Re2 Rxg2 29. Rde1 Rfxf2 30. Kd2 Rxe2+ 31.
Rxe2 Rxe2+ 32. Kxe2 Kd5 33. Ke3 c4 34. dxc4+ {Game drawn by mutual
agreement} 1/2-1/2

[Event "ICC tourney 3161 (40 10)"]
[Site "Internet Chess Club"]
[Date "2023.04.01"]
[Round "2"]
[White "BARANWAL, SUVAN:suvanba"]
[Black "Dillibabu, Jaithra:JaithraDilli"]
[Result "1-0"]
[ICCResult "Black checkmated"]
[WhiteElo "1583"]
[BlackElo "1351"]
[Opening "French: advance, Milner-Barry gambit"]
[ECO "C02"]
[NIC "FR.03"]
[Time "13:15:10"]
[PlyCount "71"]
[TimeControl "2400+10"]

1. e4 e6 2. d4 d5 3. e5 c5 4. c3 Nc6 5. Nf3 Qb6 6. Bd3 Nh6 7. O-O Bd7 8.
dxc5 Bxc5 9. b4 Bf8 10. Re1 a6 11. Bxh6 gxh6 12. Nbd2 Bg7 13. Nf1 Qc7 14.
Qe2 Ne7 15. Ng3 Ng6 16. Nh5 O-O 17. Rac1 Bc6 18. h4 Qe7 19. g3 Rfd8 20. Nxg7
Kxg7 21. Nd4 Kh8 22. h5 Nf8 23. Bxa6 Rxa6 24. b5 Rb6 25. bxc6 bxc6 26. Rb1
Rxb1 27. Rxb1 Qc7 28. Qf3 Ra8 29. Qf6+ Kg8 30. Qxh6 Nd7 31. f4 c5 32. Nf3
Nf8 33. Qg5+ Kh8 34. Qf6+ Kg8 35. h6 Ng6 36. Qg7# {Black checkmated} 1-0

[Event "ICC tourney 3161 (40 10)"]
[Site "Internet Chess Club"]
[Date "2023.04.01"]
[Round "2"]
[White "JAIN, PIYUSH:Piyush786"]
[Black "RAMKUMAR, NIKHIL:nikhilramkumar"]
[Result "1-0"]
[ICCResult "Black resigns"]
[WhiteElo "1805"]
[BlackElo "1632"]
[Opening "Caro-Kann: Steinitz variation"]
[ECO "B17"]
[NIC "CK.09"]
[Time "13:16:00"]
[PlyCount "45"]
[TimeControl "2400+10"]

1. e4 c6 2. d4 d5 3. Nc3 dxe4 4. Nxe4 Nd7 5. Bc4 Ngf6 6. Ng3 e6 7. c3 Bd6 8.
Nf3 b5 9. Bb3 a5 10. O-O Bb7 11. Re1 O-O 12. Bg5 Qb6 13. Ne5 h6 14. Bh4 g5
15. Nxd7 Nxd7 16. Bxg5 hxg5 17. Qh5 Bf4 18. Bc2 Nf6 19. Qh6 c5 20. Nh5 Bxh2+
21. Kf1 Bxg2+ 22. Kxg2 Qc6+ 23. f3 {Black resigns} 1-0

[Event "ICC tourney 3161 (40 10)"]
[Site "Internet Chess Club"]
[Date "2023.04.01"]
[Round "2"]
[White "SULTAN, BASHIR Cisse:muzikmixer"]
[Black "GUTIERREZ, AUGUSTO E:elytito2017"]
[Result "1/2-1/2"]
[ICCResult "Game drawn by mutual agreement"]
[WhiteElo "1639"]
[BlackElo "1818"]
[Opening "Dutch with c4 & Nc3"]
[ECO "A85"]
[NIC "HD.05"]
[Time "13:15:13"]
[PlyCount "113"]
[TimeControl "2400+10"]

1. c4 f5 2. Nc3 Nf6 3. d4 e6 4. Bg5 Bb4 5. Qc2 O-O 6. Nf3 b6 7. e3 Bb7 8.
Bd3 Qe8 9. Bxf6 Rxf6 10. O-O-O Bxc3 11. Qxc3 d6 12. Rdg1 Nd7 13. Qc2 Qh5 14.
e4 e5 15. exf5 Bxf3 16. gxf3 exd4 17. Kb1 Re8 18. Be4 Nc5 19. Bd5+ Kh8 20.
Re1 d3 21. Qc3 Rxf5 22. b4 Nd7 23. Bc6 Rxe1+ 24. Rxe1 Nf8 25. Qxd3 Rf6 26.
Re8 Qxh2 27. Qe3 Qf4 28. Qe7 Rf7 29. Qe6 g6 30. Bd5 Qf5+ 31. Qxf5 Rxf5 32.
Re7 b5 33. Rxc7 bxc4 34. Be4 Rb5 35. Rxc4 d5 36. a4 dxc4 37. axb5 Kg7 38.
Bd5 Kf6 39. Kc2 Ke5 40. Bxc4 Kd4 41. Bf1 Ne6 42. Kb3 h5 43. Ka4 h4 44. Ka5
Kc3 45. b6 axb6+ 46. Kxb6 Kxb4 47. Kc6 Nd4+ 48. Kd5 Nxf3 49. Ke6 Kc3 50. Kf6
g5 51. Bg2 g4 52. Kf5 h3 53. Bh1 Nh2 54. Kf4 Kd2 55. Kg3 Ke1 56. Kxh2 Kxf2
57. Ba8 {Game drawn by mutual agreement} 1/2-1/2

[Event "ICC tourney 3161 (40 10)"]
[Site "Internet Chess Club"]
[Date "2023.04.01"]
[Round "2"]
[White "QIAO, RICHARDSON JINGSI:Richardsonqiao"]
[Black "Mason, Mike W:MikeWMason"]
[Result "1-0"]
[ICCResult "Black resigns"]
[WhiteElo "1347"]
[BlackElo "1800"]
[Opening "Queen's pawn, Mason variation, Steinitz counter-gambit"]
[ECO "D00"]
[NIC "QP.08"]
[Time "13:15:32"]
[PlyCount "78"]
[TimeControl "2400+10"]

1. d4 d5 2. Bf4 c5 3. e3 Nc6 4. Nf3 Nf6 5. c3 Qb6 6. Qb3 c4 7. Qc2 Bg4 8.
Nbd2 e6 9. e4 dxe4 10. Ne5 e3 11. Bxe3 Bf5 12. Qc1 Nxe5 13. dxe5 Qc6 14.
exf6 gxf6 15. Nf3 Rg8 16. Nd4 Qd5 17. Nxf5 Qxf5 18. Qb1 Qd5 19. Qd1 Qc6 20.
Qf3 Qc7 21. O-O-O Be7 22. Rd4 Rb8 23. Rxc4 Qa5 24. Kb1 Rg6 25. Bd3 f5 26.
Re1 Kf8 27. Bf4 b5 28. Bxb8 bxc4 29. Bxc4 Rg4 30. Bf4 Kg7 31. h3 Rg6 32.
Be5+ f6 33. Bg3 f4 34. Qxf4 e5 35. Qe4 Qb6 36. Qd5 Kh6 37. Qd2+ Kg7 38. Qd7
Qc5 39. Bd3 Rxg3 {Black resigns} 1-0

[Event "ICC tourney 3161 (40 10)"]
[Site "Internet Chess Club"]
[Date "2023.04.01"]
[Round "2"]
[White "BRUDNO, STEPHEN:StevChess01"]
[Black "DENG, MICHAEL:K03-16811908"]
[Result "0-1"]
[ICCResult "White checkmated"]
[WhiteElo "1461"]
[BlackElo "1767"]
[Opening "King's Indian defense"]
[ECO "E81"]
[NIC "KI.80"]
[Time "13:15:47"]
[PlyCount "106"]
[TimeControl "2400+10"]

1. d4 Nf6 2. c4 g6 3. f3 Bg7 4. e4 d6 5. Be3 O-O 6. Nc3 c5 7. Nge2 b6 8. d5
e6 9. Ng3 exd5 10. cxd5 Ba6 11. Be2 Bxe2 12. Ngxe2 a6 13. a4 Nbd7 14. O-O
Rb8 15. b3 Qc7 16. Rb1 b5 17. axb5 axb5 18. Qd2 Ne5 19. h3 b4 20. Nd1 c4 21.
Nf2 cxb3 22. Rfc1 Qd7 23. f4 b2 24. Rxb2 Nxe4 25. Nxe4 Nd3 26. Bd4 Nxc1 27.
Qxc1 Bxd4+ 28. Nxd4 Qa7 29. Qe3 Qa3 30. Rb3 Qa1+ 31. Kh2 Kg7 32. Nc6 Rb5 33.
Qd3 Rb6 34. Rb1 Qa6 35. Qxa6 Rxa6 36. Rxb4 Re8 37. Nxd6 Re2 38. Re4 Rd2 39.
Rd4 Rxd4 40. Nxd4 Rxd6 41. Nf3 Rxd5 42. h4 f6 43. Kh3 h5 44. Kg3 Rd3 45. Kf2
Kf7 46. Ke2 Ra3 47. Kf2 Ke6 48. Nd4+ Kd5 49. Ne2 Ke4 50. g3 Ra2 51. Kf1 Kf3
52. Nc3 Ra1+ 53. Nd1 Rxd1# {White checkmated} 0-1

[Event "ICC tourney 3161 (40 10)"]
[Site "Internet Chess Club"]
[Date "2023.04.01"]
[Round "2"]
[White "MISHRA, OM:Omk"]
[Black "Hamlett, James Morrison:Hamlett144"]
[Result "0-1"]
[ICCResult "White checkmated"]
[WhiteElo "1773"]
[BlackElo "1414"]
[Opening "French: Tarrasch, closed variation"]
[ECO "C05"]
[NIC "FR.16"]
[Time "13:15:17"]
[PlyCount "146"]
[TimeControl "2400+10"]

1. e4 e6 2. d4 d5 3. Nd2 Nf6 4. e5 Nfd7 5. Ngf3 c5 6. c3 Nc6 7. Bd3 Be7 8.
O-O g5 9. h3 h5 10. Re1 g4 11. hxg4 hxg4 12. Nh2 cxd4 13. Qxg4 Ndxe5 14. Qe2
Bd6 15. Nhf3 dxc3 16. bxc3 Qf6 17. Nb3 Nxf3+ 18. Qxf3 Qxf3 19. gxf3 Ne5 20.
Be2 b6 21. f4 Nc6 22. Bb5 Bd7 23. Nd4 Nxd4 24. Bxd7+ Kxd7 25. cxd4 Rag8+ 26.
Kf1 Rh1+ 27. Ke2 Rxe1+ 28. Kxe1 Rg1+ 29. Ke2 Bxf4 30. Bb2 Rxa1 31. Bxa1 Bc1
32. Kd3 a5 33. a4 Kc6 34. Bc3 Ba3 35. Kc2 Bf8 36. Kb3 Bg7 37. Ka3 f6 38. Bd2
e5 39. Bc3 e4 40. Bd2 f5 41. Bc3 f4 42. Kb3 Kd6 43. Kc2 Ke6 44. Kd2 Kf5 45.
Ke2 Kg4 46. Bb2 Kh3 47. Kf1 Kg4 48. Ke2 f3+ 49. Ke1 Kf5 50. Kf1 Ke6 51. Kg1
Kd7 52. Kh2 Kc6 53. Kg3 b5 54. axb5+ Kxb5 55. Kg4 Kc4 56. Bc1 Bxd4 57. Bd2
a4 58. Bc1 Bxf2 59. Kf4 Kd3 60. Bb2 d4 61. Ba3 Bh4 62. Kg4 f2 63. Kxh4 f1=Q
64. Kg3 e3 65. Bc1 e2 66. Bd2 e1=Q+ 67. Bxe1 Qxe1+ 68. Kf3 Qe3+ 69. Kg2 Qf4
70. Kg1 Qd2 71. Kh1 a3 72. Kg1 a2 73. Kh1 a1=Q# {White checkmated} 0-1

[Event "ICC tourney 3161 (40 10)"]
[Site "Internet Chess Club"]
[Date "2023.04.01"]
[Round "2"]
[White "ZHANG, ARI:brass60Six"]
[Black "HELMSEN, GAVIN:ghelmsen"]
[Result "1/2-1/2"]
[ICCResult "Game drawn by repetition"]
[WhiteElo "1343"]
[BlackElo "1558"]
[Opening "Queen's pawn: Keres defense"]
[ECO "A40"]
[NIC "QO.17"]
[Time "13:15:17"]
[PlyCount "140"]
[TimeControl "2400+10"]

1. d4 e6 2. c4 b6 3. Nc3 Bb4 4. Bd2 Bb7 5. a3 Bxc3 6. Bxc3 Nf6 7. e3 O-O 8.
Nf3 d5 9. Be2 Ne4 10. O-O Nd7 11. Bd3 c5 12. cxd5 exd5 13. Bxe4 dxe4 14. Nd2
Re8 15. Nc4 Ba6 16. b3 b5 17. Ba5 Qf6 18. Nb2 c4 19. bxc4 bxc4 20. Bc3 Rab8
21. Qd2 Nb6 22. Rfc1 Nd5 23. Na4 Nxc3 24. Nxc3 Rb3 25. Nd5 Qd6 26. Nb4 Bb5
27. a4 c3 28. Qd1 Bc4 29. Na2 Rb2 30. Nxc3 Bb3 31. Qf1 a6 32. Rcb1 Rxb1 33.
Rxb1 Qb4 34. Nd5 Qxa4 35. Ra1 Qc4 36. Qxc4 Bxc4 37. Nc3 f5 38. h3 h5 39. Na4
Re6 40. Nc5 Rc6 41. f3 exf3 42. gxf3 Kf7 43. Kf2 g5 44. Nd7 Re6 45. Ne5+
Rxe5 46. dxe5 f4 47. exf4 gxf4 48. Ra4 Bb5 49. Rxf4+ Ke6 50. Re4 a5 51. Re1
a4 52. Re3 h4 53. Ke1 Bc4 54. Ra3 Bb3 55. Kd2 Kxe5 56. Ke3 Kf5 57. f4 Kf6
58. Ke4 Bc2+ 59. Ke3 Bb3 60. Kf2 Kf5 61. Kf3 Bd1+ 62. Ke3 Bb3 63. Kf3 Bd1+
64. Ke3 Bb3 65. Ra1 Bc2 66. Ra3 Bb3 67. Ra1 Bc2 68. Rg1 Bb3 69. Ra1 Bc2 70.
Ra3 Bb3 {Game drawn by repetition} 1/2-1/2

[Event "ICC tourney 3161 (40 10)"]
[Site "Internet Chess Club"]
[Date "2023.04.01"]
[Round "3"]
[White "DENG, MICHAEL:K03-16811908"]
[Black "BARANWAL, SUVAN:suvanba"]
[Result "1-0"]
[ICCResult "Black checkmated"]
[WhiteElo "1767"]
[BlackElo "1583"]
[Opening "Sicilian: dragon, Yugoslav attack, 10.O-O-O"]
[ECO "B78"]
[NIC "SI.18"]
[Time "15:30:08"]
[PlyCount "53"]
[TimeControl "2400+10"]

1. e4 c5 2. Nf3 d6 3. d4 cxd4 4. Nxd4 Nf6 5. Nc3 g6 6. Be3 Bg7 7. f3 O-O 8.
Qd2 Nc6 9. Bc4 Bd7 10. O-O-O Ne5 11. Bb3 Rc8 12. Kb1 a6 13. g4 Nc4 14. Bxc4
Rxc4 15. h4 b5 16. h5 Qc7 17. hxg6 fxg6 18. Bh6 Bxh6 19. Qxh6 Rxc3 20. g5
Nh5 21. Rxh5 gxh5 22. g6 hxg6 23. Qxg6+ Kh8 24. Qxh5+ Kg7 25. Rg1+ Kf6 26.
Qg5+ Kf7 27. Qg6# {Black checkmated} 1-0

[Event "ICC tourney 3161 (40 10)"]
[Site "Internet Chess Club"]
[Date "2023.04.01"]
[Round "3"]
[White "MISHRA, OM:Omk"]
[Black "SULTAN, BASHIR Cisse:muzikmixer"]
[Result "1-0"]
[ICCResult "Black resigns"]
[WhiteElo "1773"]
[BlackElo "1639"]
[Opening "French: Rubinstein variation"]
[ECO "C03"]
[NIC "FR.07"]
[Time "15:30:14"]
[PlyCount "65"]
[TimeControl "2400+10"]

1. e4 e6 2. d4 d5 3. Nd2 dxe4 4. Nxe4 Nd7 5. Nf3 Ngf6 6. Nxf6+ Nxf6 7. Bd3
c5 8. Be3 Qc7 9. Ne5 Bd6 10. Bb5+ Nd7 11. Nxd7 Bxd7 12. Bxd7+ Qxd7 13. dxc5
Be5 14. Qxd7+ Kxd7 15. O-O-O+ Ke7 16. Bd4 Bxd4 17. Rxd4 Rhd8 18. Rhd1 Rxd4
19. Rxd4 Rd8 20. Rxd8 Kxd8 21. Kd2 Kc7 22. Kd3 Kc6 23. Kc4 b5+ 24. cxb6 axb6
25. a4 e5 26. b4 f6 27. a5 bxa5 28. bxa5 e4 29. Kd4 f5 30. c4 g6 31. g3 Kb7
32. c5 Ka6 33. c6 {Black resigns} 1-0

[Event "ICC tourney 3161 (40 10)"]
[Site "Internet Chess Club"]
[Date "2023.04.01"]
[Round "3"]
[White "ZHANG, ARI:brass60Six"]
[Black "BRUDNO, STEPHEN:StevChess01"]
[Result "0-1"]
[ICCResult "White checkmated"]
[WhiteElo "1343"]
[BlackElo "1461"]
[Opening "Benoni defense"]
[ECO "A56"]
[NIC "OI.06"]
[Time "15:30:17"]
[PlyCount "124"]
[TimeControl "2400+10"]

1. d4 Nf6 2. c4 c5 3. e3 g6 4. Nf3 Bg7 5. Be2 O-O 6. O-O d6 7. Nc3 Nbd7 8.
h3 b6 9. d5 a6 10. e4 b5 11. cxb5 axb5 12. Bxb5 Ba6 13. Bxa6 Rxa6 14. Qe2
Qa8 15. Be3 Ne8 16. Bg5 f6 17. Bd2 Nc7 18. Rfd1 Rb6 19. Be3 Qa6 20. Qxa6
Nxa6 21. Rab1 Rfb8 22. b3 f5 23. Na4 Rb5 24. exf5 gxf5 25. Nd2 Nb4 26. a3
Nxd5 27. Nc4 Nxe3 28. Nxe3 Rxb3 29. Rxb3 Rxb3 30. Nxf5 Bf6 31. Rc1 Rxa3 32.
Nxe7+ Bxe7 33. Nb2 d5 34. Nd1 Bf6 35. Rb1 Ra1 36. Rxa1 Bxa1 37. Ne3 Nb6 38.
Kf1 Kf7 39. Ke2 Ke6 40. g4 Bf6 41. f4 d4 42. Nd1 Nd5 43. Kf3 Nc3 44. Nb2 Kd5
45. g5 Bg7 46. h4 c4 47. h5 Nb5 48. h6 Bh8 49. f5 Nd6 50. g6 hxg6 51. fxg6
Nf5 52. g7 Nxg7 53. hxg7 Bxg7 54. Nd1 c3 55. Nxc3+ dxc3 56. Ke2 Kc4 57. Kd1
Kd3 58. Kc1 Bh6+ 59. Kb1 c2+ 60. Ka1 c1=Q+ 61. Ka2 Qc2+ 62. Ka3 Bf8#
{White checkmated}
0-1

[Event "ICC tourney 3161 (40 10)"]
[Site "Internet Chess Club"]
[Date "2023.04.01"]
[Round "3"]
[White "MEI, ZERUI TITUS:Thankfulfortune"]
[Black "RAMKUMAR, NIKHIL:nikhilramkumar"]
[Result "1-0"]
[ICCResult "Black checkmated"]
[WhiteElo "1480"]
[BlackElo "1632"]
[Opening "Caro-Kann: exchange, Rubinstein variation"]
[ECO "B13"]
[NIC "CK.02"]
[Time "15:30:37"]
[PlyCount "93"]
[TimeControl "2400+10"]

1. e4 c6 2. d4 d5 3. exd5 cxd5 4. Bd3 Nc6 5. c3 Nf6 6. Bf4 Bg4 7. Qb3 Qb6 8.
Nd2 e6 9. Ngf3 Bxf3 10. Nxf3 Be7 11. O-O Nh5 12. Be3 h6 13. Ne5 Bd6 14. f4
g5 15. fxg5 Bxe5 16. Qxb6 axb6 17. dxe5 Nxe5 18. Be2 Nc4 19. Bd4 e5 20. Bxh5
exd4 21. cxd4 O-O-O 22. Bxf7 hxg5 23. b3 Na5 24. Rf5 Rhf8 25. Be6+ Kb8 26.
Rxg5 Nc6 27. Rd1 Rf4 28. Rxd5 Rxd5 29. Bxd5 Nxd4 30. g3 Ne2+ 31. Kg2 Rf8 32.
Bf3 Nc3 33. Rd2 Kc7 34. h4 Rf5 35. g4 Rf4 36. h5 Nb1 37. Rd3 b5 38. h6 Rf6
39. h7 Rh6 40. Be4 b4 41. Rh3 b5 42. Rxh6 Nd2 43. h8=Q Nf3 44. Rc6+ Kd7 45.
Qg7+ Kd8 46. Rd6+ Ke8 47. Bc6# {Black checkmated} 1-0

[Event "ICC tourney 3161 (40 10)"]
[Site "Internet Chess Club"]
[Date "2023.04.01"]
[Round "3"]
[White "GUTIERREZ, AUGUSTO E:elytito2017"]
[Black "QIAO, RICHARDSON JINGSI:Richardsonqiao"]
[Result "0-1"]
[ICCResult "White resigns"]
[WhiteElo "1818"]
[BlackElo "1347"]
[Opening "Scotch: Mieses variation"]
[ECO "C45"]
[NIC "SO.04"]
[Time "15:31:16"]
[PlyCount "74"]
[TimeControl "2400+10"]

1. e4 e5 2. Nf3 Nc6 3. d4 exd4 4. Nxd4 Nf6 5. Nxc6 bxc6 6. e5 Nd5 7. c4 Nb6
8. Bd3 Bc5 9. O-O O-O 10. Qh5 g6 11. Qh6 Re8 12. Bg5 Be7 13. Be3 Bf8 14. Qf4
Bg7 15. Bd4 d6 16. exd6 Qxd6 17. Qxd6 cxd6 18. Bxg7 Kxg7 19. Nc3 Ba6 20. b3
d5 21. Rac1 dxc4 22. Be2 Rad8 23. b4 Rd2 24. Bf3 Nd5 25. a3 Rd3 26. b5 Bxb5
27. Nxb5 cxb5 28. a4 a6 29. axb5 axb5 30. Rb1 Nc3 31. Rb4 Re5 32. h4 Rd2 33.
g3 Na2 34. Rbb1 b4 35. Bc6 b3 36. Kg2 c3 37. Rxb3 c2 {White resigns} 0-1

[Event "ICC tourney 3161 (40 10)"]
[Site "Internet Chess Club"]
[Date "2023.04.01"]
[Round "3"]
[White "Mason, Mike W:MikeWMason"]
[Black "HELMSEN, GAVIN:ghelmsen"]
[Result "0-1"]
[ICCResult "White resigns"]
[WhiteElo "1800"]
[BlackElo "1558"]
[Opening "French: King's Indian attack"]
[ECO "C00"]
[NIC "FR.02"]
[Time "15:30:41"]
[PlyCount "120"]
[TimeControl "2400+10"]

1. e4 e6 2. d3 d5 3. Nd2 c5 4. Ngf3 Nc6 5. c3 d4 6. Qc2 e5 7. Nc4 Qc7 8. a4
Nge7 9. g3 Ng6 10. Bg2 Be7 11. O-O h5 12. h4 Bg4 13. Nh2 O-O-O 14. f3 Be6
15. Rd1 Qd7 16. Na3 f5 17. Bd2 f4 18. Be1 fxg3 19. Bxg3 Bxh4 20. Bxh4 Nxh4
21. b4 dxc3 22. bxc5 Qd4+ 23. Qf2 Qxf2+ 24. Kxf2 Nxg2 25. Kxg2 Nb4 26. Rac1
Nxd3 27. Rb1 Nf4+ 28. Kf2 Rxd1 29. Rxd1 Rd8 30. Rxd8+ Kxd8 31. Ke3 Bb3 32.
a5 c2 33. Kd2 Ne6 34. Nxc2 Bxc2 35. Kxc2 Nxc5 36. Kc3 Kd7 37. Kc4 Kd6 38.
Nf1 h4 39. Ne3 h3 40. Nf5+ Kc6 41. Ne7+ Kd7 42. Nf5 h2 43. Ng3 Ne6 44. Kd5
Nf4+ 45. Kxe5 Nd3+ 46. Kf5 Nf2 47. Kg6 h1=Q 48. Nxh1 Nxh1 49. Kxg7 Ke6 50.
f4 Ng3 51. f5+ Nxf5+ 52. exf5+ Kxf5 53. Kf7 b5 54. Ke7 b4 55. Kd7 b3 56. Kc7
b2 57. Kb7 b1=Q+ 58. Kxa7 Ke6 59. a6 Kd7 60. Ka8 Kc7 {White resigns} 0-1

[Event "ICC tourney 3161 (40 10)"]
[Site "Internet Chess Club"]
[Date "2023.04.01"]
[Round "3"]
[White "Hamlett, James Morrison:Hamlett144"]
[Black "JAIN, PIYUSH:Piyush786"]
[Result "0-1"]
[ICCResult "White resigns"]
[WhiteElo "1414"]
[BlackElo "1805"]
[Opening "Scandinavian (center counter) defense"]
[ECO "B01"]
[NIC "VO.17"]
[Time "15:30:23"]
[PlyCount "76"]
[TimeControl "2400+10"]

1. e4 d5 2. exd5 e6 3. Nf3 exd5 4. d4 Nf6 5. Bd3 Bg4 6. O-O Be7 7. Nbd2 Nc6
8. c3 Qd6 9. Re1 O-O 10. h3 Bh5 11. Nf1 Bg6 12. Ng3 Rfe8 13. Nf5 Bxf5 14.
Bxf5 Bf8 15. Be3 Re7 16. Qc2 Rae8 17. g4 h5 18. g5 Ne4 19. Kh1 a6 20. Nh4
Nd8 21. Ng2 g6 22. Bf4 Qc6 23. Bxe4 Rxe4 24. Be5 Bg7 25. Rxe4 dxe4 26. Bxg7
Kxg7 27. Ne3 f5 28. d5 Qd6 29. c4 Nf7 30. Qc3+ Qe5 31. Qxe5+ Nxe5 32. Rg1
Nf3 33. Rg2 Rb8 34. b3 b5 35. c5 Rd8 36. d6 cxd6 37. Nd5 dxc5 38. Nc7 Rd1+
{White resigns}
0-1